 Dungeon Crawl Stone Soup version 0.30-a0-989-g0d87f670db (webtiles) character file.

Game seed: 1116294190262485531

14870 112233 the Thaumaturge (level 11, -23/83 HPs)
             Began as a Demonspawn Conjurer on Apr 3, 2023.
             Was an Elder of Vehumet.
             Annihilated by Fannar
             ... wielding a +0 quarterstaff of freezing
              (24 damage)
             ... on level 12 of the Dungeon.
             The game lasted 00:22:35 (15728 turns).

112233 the Thaumaturge (Demonspawn Conjurer)       Turns: 15728, Time: 00:22:35

Health: -23/83     AC:  7    Str:  7    XL:     11   Next: 94%
Magic:  16/27      EV: 14    Int: 21    God:    Vehumet [****..]
Gold:   716        SH:  5    Dex: 15    Spells: 11/34 levels left

rFire   + + .      SeeInvis +    m - +5 dagger "Exe Foo" {heavy, rElec rCorr SInv}
rCold   x . .      Faith    .    J - +0 buckler
rNeg    + + +      Spirit   .    a - +0 robe
rPois   .          Reflect  .    (helmet restricted)
rElec   +          Rampage  .    y - +2 cloak "Erha" {rF+ Will- rCorr Dex+2}
rCorr   +          Clarity  +    z - +0 pair of gloves
Will    +++..                    T - +0 pair of boots "Qafile Durch" {rElec rN+ Will+ Int-2}
Stlth   ++                       O - amulet of the Four Winds {rN+ Will+++ Clar}
HPRegen 0.33/turn                d - ring of fire
MPRegen 0.20/turn                K - ring of Byphepas {Fly rN+++}

@: flying
A: hooves 1, horns 1, demonic magic 1, demonic touch 2
a: Renounce Religion


You were on level 12 of the Dungeon.
You worshipped Vehumet.
Vehumet was greatly pleased with you.
You visited 3 branches of the dungeon, and saw 15 of its levels.
You also visited: Gauntlet.

You collected 884 gold pieces.
You spent 168 gold pieces at shops.

Inventory:

Hand Weapons
 m - the +5 dagger "Exe Foo" (weapon) {heavy, rElec rCorr SInv}
   (You found it on level 2 of the Dungeon)

   rElec:     It insulates you from electricity.
   SInv:      It lets you see invisible.
   rCorr:     It protects you from acid and corrosion.
 o - the +12 great sword "Butuhar" {elec, *Corrode Str+4 Int+3}
   (You found it on level 13 of the Dungeon)

   Str:       It affects your strength (+4).
   Int:       It affects your intelligence (+3).
   *Corrode:  It may corrode you when you take damage.
 q - a +2 dagger of venom
Armour
 a - a +0 robe (worn)
 g - a +2 pair of boots
 y - the +2 cloak "Erha" (worn) {rF+ Will- rCorr Dex+2}
   (You found it on level 4 of the Dungeon)

   Dex:       It affects your dexterity (+2).
   rF:        It protects you from fire.
   rCorr:     It protects you from acid and corrosion.
   Will:      It decreases your willpower.
 z - a +0 pair of gloves (worn)
 J - a +0 buckler (worn)
 T - the +0 pair of boots "Qafile Durch" (worn) {rElec rN+ Will+ Int-2}
   (You found it in a Gauntlet)

   Int:       It affects your intelligence (-2).
   rElec:     It insulates you from electricity.
   rN:        It protects you from negative energy.
   Will:      It increases your willpower.
Jewellery
 d - a ring of fire (left hand)
 u - a ring of fire
 w - an amulet of magic regeneration
 K - the ring of Byphepas (right hand) {Fly rN+++}
   (You found it in a Gauntlet)

   [ring of flight]

   rN:        It renders you almost immune to negative energy.
   Fly:       It grants you flight.
 O - the amulet of the Four Winds (around neck) {rN+ Will+++ Clar}
   (You found it in a Gauntlet)

   [amulet of nothing]

   rN:        It protects you from negative energy.
   Clar:      It protects you against confusion.
   Will:      It greatly increases your willpower.
Wands
 p - a wand of flame (31)
 r - a wand of light (22)
 C - a wand of iceblast (22)
 D - a wand of polymorph (13)
 Q - a wand of paralysis (2)
Scrolls
 e - 4 scrolls of immolation
 i - 5 scrolls of poison
 k - 2 scrolls of enchant weapon
 l - 3 scrolls of noise
 t - 4 scrolls of vulnerability
 x - 7 scrolls of fog
 F - 3 scrolls of amnesia
 M - a scroll of fear
 N - 2 scrolls of teleportation
 P - a scroll of brand weapon
 R - a scroll of enchant armour
Potions
 b - a potion of magic
 c - a potion of experience {unknown}
 h - 7 potions of curing
 n - a potion of brilliance
 s - a potion of berserk rage {unknown}
 v - a potion of attraction {unknown}
 A - 3 potions of degeneration
 B - a potion of might {unknown}
 E - a potion of heal wounds
 H - 3 potions of lignification {unknown}
 I - a potion of invisibility {unknown}
 L - a potion of mutation {unknown}
 S - a potion of resistance {unknown}
Miscellaneous
 f - a box of beasts
 j - a tin of tremorstones (2/2)


   Skills:
 + Level 6.8 Fighting
 + Level 6.6 Dodging
 - Level 1.8 Stealth
 - Level 5.0 Shields
 * Level 12.2 Spellcasting
 + Level 10.0 Conjurations


You had 11 spell levels left.
You knew the following spells:

 Your Spells              Type           Power      Damage    Failure   Level
a - Magic Dart            Conj           100%       1d8       1%          1
b - Searing Ray           Conj           100%       2d8       1%          2
c - Iskenderun's Mystic   Conj/Tloc      33%        2d8       2%          4
d - Apportation           Tloc           24%        N/A       7%          1
e - Fulminant Prism       Conj/Hex       16%        3d10      2%          4
f - Starburst             Conj/Fire      25%        6d8       32%         6
g - Irradiate             Conj/Tmut      16%        3d17      7%          5

Your spell library contained the following spells:

 Spells                   Type           Power      Damage    Failure   Level
 Arcjolt                  Conj/Air       16%        1d26      7%          5
 Kiss of Death            Conj/Necr      100%       2d13      1%          1
 Dazzling Flash           Conj/Hex       66%        N/A       1%          3
 Scorch                   Fire           38%        2d7       2%          2
 Flame Wave               Conj/Fire      50%        2d12      2%          4
 Kindle Blastsparks       Fire/Tloc/Air  38%        2d13      5%          3
 Necrotise                Necr           48%        1d6       7%          1
 Summon Small Mammal      Summ           48%        N/A       7%          1
 Sublimation of Blood     Necr           12%        N/A       10%         2
 Confusing Touch          Hex            12%        N/A       21%         3
 Portal Projectile        Hex/Tloc       24%        N/A       21%         3
 Tukima's Dance           Hex            12%        N/A       21%         3
 Lee's Rapid Deconstruct  Erth           6%         3d6*      41%         5
 Yara's Violent Unravell  Hex/Tmut       6%         3d5       41%         5
 Dispel Undead            Necr           12%        3d9       54%         4
 Passage of Golubria      Tloc           12%        N/A       54%         4
 Petrify                  Tmut/Erth      12%        N/A       54%         4
 Blade Hands              Tmut           6%         N/A       88%         5
 Summon Forest            Summ/Tloc      6%         N/A       88%         5
 Summon Mana Viper        Hex/Summ       12%        N/A       88%         5
 Summon Cactus Giant      Summ           6%         N/A       100%        6


Dungeon Overview and Level Annotations

Branches:
Dungeon (13/15)            Temple (0/1) D:6            Lair (1/5) D:9
    Orc (1/2) D:9         Gauntlet (visited)
 Vaults: D:13-14

Altars:
Cheibriados
Kikubaaqudgha
Makhleb
Nemelex Xobeh
Qazlal
Ru
Trog
Uskayaw
Vehumet
Wu Jian

Shops:
D:8 :   D:9 ?   D:12 (

Annotations:
D:2 1 runed translucent door, Crazy Yiuf
D:4 exclusion: 2 downstairs
D:5 Grinder
D:9 exclusion: 2 downstairs
D:12 Fannar


Innate Abilities, Weirdness & Mutations

You have large cloven feet.
You have a pair of small horns on your head.
Spells you cast may paralyse adjacent enemies.
Your touch may inflict irresistible damage on your foes.


Message History

The mystic blast hits the gargoyle but does no damage.
The gargoyle is lightly damaged.
The mystic blast hits the unseen horror.
The unseen horror is lightly wounded.
The unseen horror is knocked back by the mystic blast.
Malevolent energies surge around you.
You hear a shout!
The gargoyle hurls a stone arrow at you.
The stone arrow hits you!!
You hear a zap.
You hear a grinding noise.
Found a ruby potion.
You block the unseen horror's attack. The unseen horror hits you.
Casting: Iskenderun's Mystic Blast (dangerous; 2% risk of failure)
Confirm with . or Enter, or press ? or * to list all spells.
You erupt in a blast of force!
The mystic blast hits the unseen horror.
The unseen horror is lightly wounded.
The unseen horror is knocked back by the mystic blast.
The mystic blast hits the gargoyle but does no damage.
The gargoyle is lightly damaged.
Malevolent energies surge around you.
The gargoyle suddenly stops moving!
Fannar the Cold-Hearted comes into view.
They are wielding a +0 quarterstaff of freezing, wearing a +1 robe of cold resistance and carrying a wand of digging (5).
The unseen horror hits you!
Unknown command.
Unknown command.
Unknown command.
The helpless gargoyle fails to defend itself.
You puncture the gargoyle!
The gargoyle is heavily damaged.
The gargoyle is no longer paralysed.
The unseen horror hits you!
The gargoyle hits you with a +0 flail of protection!!
* * * LOW HITPOINT WARNING * * *
The unseen horror hits you but does no damage.
The gargoyle hurls a stone arrow at you.
The stone arrow hits you!!
* * * LOW HITPOINT WARNING * * *
Fannar casts a spell.
Fannar drains the heat from the surrounding environment!
You feel a terrible chill!
You die...

### .###. ..# ...!.
#.#...e. #.#...# #...
##.#..# ##..## ..... ....
#9x# #..# #@# #..# #.#
##..####.# #.##
.........#######..#######.
....####.........#........
.........########.######.#
....###### #.# .)..## #.#
.....# #.#


You could see Fannar, an unseen horror (invisible) and a gargoyle.

Vanquished Creatures
  A minotaur (Gauntlet)
  A thrashing horror (Gauntlet)
  A manticore (D:11)
  2 cyclopes
  3 gargoyles
  A cane toad (D:9)
  An unseen horror (D:6)
  A komodo dragon (D:10)
  A rime drake (D:9)
  5 trolls
  4 slime creatures (Gauntlet)
  A shadow (D:10)
  4 small abominations (Gauntlet)
  A wraith (D:11)
  A wyvern (D:4)
  19 yaks
  A neqoxec (Gauntlet)
  A steam dragon (D:7)
  A chaos spawn (Gauntlet)
  2 acid dragons
  3 water moccasins
  10 ice beasts
  6 orc warriors
  A sky beast (D:6)
  A black bear (D:6)
  2 ogres
  4 wolves (D:9)
  4 centaurs
  A kobold brigand (D:10)
  A bullfrog (D:9)
  3 scorpions
  6 wights
  An electric eel (D:7)
  2 howler monkeys (D:8)
  3 jellies
  7 orc priests
  4 hounds (D:6)
  3 sleepcaps
  5 iguanas
  10 orc wizards
  5 adders
  7 gnolls
  A shadow imp (D:7)
  A white imp (D:7)
  An ufetubus (D:6)
  5 dart slugs
  44 orcs
  5 ball pythons
  4 bats
  4 endoplasms
  2 giant cockroaches
  7 goblins
  4 hobgoblins
  10 jackals
  8 kobolds
  4 quokkas
  3 frilled lizards
  6 rats
250 creatures vanquished.

Vanquished Creatures (others)
  A gnoll (D:8)
  17 fulminant prisms
  A fungus (Lair:1)
  A plant (Lair:1)
20 creatures vanquished.

Grand Total: 270 creatures vanquished

Notes
Turn   | Place    | Note
-------+----------+-------------------------------------------
     0 | D:1      | 112233 the Demonspawn Conjurer began the quest for the Orb.
     0 | D:1      | Reached XP level 1. HP: 13/13 MP: 3/3
   188 | D:1      | Discovered your monstrous ancestry.
   188 | D:1      | Gained mutation: You have a pair of small horns on your
                  | head. [demonic ancestry]
   188 | D:1      | Reached XP level 2. HP: 13/19 MP: 0/5
   870 | D:2      | Reached skill level 3 in Spellcasting
   870 | D:2      | Gained mutation: Your touch may inflict minor irresistible
                  | damage on your foes. [demonic ancestry]
   870 | D:2      | Reached XP level 3. HP: 20/24 MP: 0/7
   936 | D:1      | Learned a level 2 spell: Searing Ray
  1218 | D:2      | Found a runed translucent door.
  1219 | D:2      | Noticed Crazy Yiuf
  1398 | D:2      | Found a sparkling altar of Nemelex Xobeh.
  1626 | D:2      | Identified the +5 dagger "Exe Foo" {heavy, rElec rCorr
                  | SInv}
  1825 | D:3      | Reached XP level 4. HP: 30/30 MP: 5/9
  2059 | D:3      | Reached skill level 4 in Spellcasting
  2447 | D:3      | Found a sparkling altar of Nemelex Xobeh.
  2447 | D:3      | Found a burning altar of Makhleb.
  2447 | D:3      | Found a radiant altar of Vehumet.
  2469 | D:3      | Found a bloodstained altar of Trog.
  2475 | D:3      | Became a worshipper of Vehumet
  2479 | D:3      | Reached XP level 5. HP: 35/35 MP: 8/11
  2527 | D:3      | Found a faded altar of an unknown god.
  2702 | D:4      | Noticed a wyvern
  2709 | D:4      | Killed a wyvern
  2710 | D:4      | Reached skill level 5 in Spellcasting
  2710 | D:4      | Reached skill level 5 in Conjurations
  2710 | D:4      | Reached XP level 6. HP: 27/41 MP: 2/13
  3005 | D:4      | Identified the +2 cloak "Erha" {rF+ Will- rCorr Dex+2}
  3066 | D:4      | Noticed a water moccasin
  3073 | D:4      | Killed a water moccasin
  3240 | D:4      | Learned a level 1 spell: Apportation
  3245 | D:4      | Learned a level 4 spell: Iskenderun's Mystic Blast
  3250 | D:4      | Learned a level 4 spell: Fulminant Prism
  3502 | D:5      | Entered Level 5 of the Dungeon
  3502 | D:5      | Noticed Grinder
  3671 | D:5      | Reached skill level 6 in Spellcasting
  3671 | D:5      | Gained mutation: Spells you cast may paralyse adjacent
                  | enemies. [demonic ancestry]
  3671 | D:5      | Reached XP level 7. HP: 41/46 MP: 11/16
  3865 | D:5      | Paralysed by Grinder for 5 turns
  4304 | D:6      | Reached * piety under Vehumet
  4304 | D:6      | Offered knowledge of Foxfire by Vehumet.
  4340 | D:6      | Reached skill level 7 in Spellcasting
  4557 | D:6      | Gained mutation: Your touch may inflict irresistible damage
                  | on your foes. [demonic ancestry]
  4557 | D:6      | Reached XP level 8. HP: 49/52 MP: 12/19
  4608 | D:6      | Reached skill level 8 in Spellcasting
  4661 | D:6      | Identified the +5 plate armour of Birdsong {rPois Str+3}
  4691 | D:6      | Noticed an unseen horror
  4741 | D:6      | Found a staircase to the Ecumenical Temple.
  4932 | D:6      | Reached skill level 1 in Fighting
  4984 | D:6      | Found an ancient bone altar of Kikubaaqudgha.
  5220 | D:6      | Found an ornate altar of the Wu Jian Council.
  5279 | D:6      | Killed an unseen horror
  5280 | D:6      | Reached XP level 9. HP: 53/61 MP: 9/21
  5439 | D:7      | Reached skill level 9 in Spellcasting
  5463 | D:7      | Offered knowledge of Momentum Strike by Vehumet.
  5503 | D:7      | Reached ** piety under Vehumet
  5541 | D:7      | Found a hide-covered altar of Uskayaw.
  6765 | D:8      | Offered knowledge of Hailstorm by Vehumet.
  6822 | D:8      | Found Akkiag's Vocational Training.
  7210 | D:8      | Learned a level 6 spell: Starburst
  7343 | D:9      | Reached skill level 1 in Shields
  7713 | D:8      | Reached skill level 10 in Spellcasting
  7827 | D:9      | Reached *** piety under Vehumet
  7828 | D:9      | Reached XP level 10. HP: 56/71 MP: 19/24
  8323 | D:9      | Offered knowledge of Airstrike by Vehumet.
  8508 | D:9      | Found a stormy altar of Qazlal.
  8553 | D:9      | Found a staircase to the Lair.
  8893 | D:9      | Found a staircase to the Orcish Mines.
  8946 | D:9      | Found Qoro's Magic Scroll Shoppe.
  8953 | D:9      | Bought a scroll of fear for 56 gold pieces
  8953 | D:9      | Bought a scroll of fog for 56 gold pieces
  8953 | D:9      | Bought a scroll of amnesia for 56 gold pieces
  9188 | D:10     | Entered Level 10 of the Dungeon
  9201 | D:9      | Reached skill level 5 in Dodging
  9377 | Orc:1    | Entered Level 1 of the Orcish Mines
  9388 | Orc:1    | Reached skill level 5 in Fighting
 10531 | D:9      | Reached **** piety under Vehumet
 10533 | D:9      | Reached skill level 11 in Spellcasting
 11333 | D:10     | Found a sacrificial altar of Ru.
 11512 | D:10     | Gained mutation: You have large cloven feet. [demonic
                  | ancestry]
 11512 | D:10     | Reached XP level 11. HP: 80/80 MP: 11/26
 11668 | D:10     | Found a snail-covered altar of Cheibriados.
 11682 | D:10     | Learned a level 5 spell: Irradiate
 11878 | Lair:1   | Entered Level 1 of the Lair of Beasts
 12771 | D:11     | Offered knowledge of Arcjolt by Vehumet.
 13972 | D:12     | Noticed a white ugly thing
 14341 | D:12     | Found Sorgh's Antique Weapon Boutique.
 14412 | D:13     | Found a gate leading to a gauntlet.
 14422 | Gauntlet | Entered a Gauntlet
 14422 | Gauntlet | Found a transporter.
 14422 | Gauntlet | Found a transporter.
 14425 | Gauntlet | Noticed a tengu warrior
 14435 | Gauntlet | Found a transporter.
 14454 | Gauntlet | Found a transporter.
 14454 | Gauntlet | Found a transporter.
 14454 | Gauntlet | Found a transporter.
 14457 | Gauntlet | Found a transporter.
 14457 | Gauntlet | Found a transporter.
 14458 | Gauntlet | Noticed a death yak
 14458 | Gauntlet | Noticed a death yak
 14465 | Gauntlet | Noticed a thrashing horror
 14467 | Gauntlet | Found a runed translucent gate.
 14469 | Gauntlet | Found a runed translucent gate.
 14469 | Gauntlet | Found a transporter.
 14470 | Gauntlet | Found a runed translucent gate.
 14486 | Gauntlet | Noticed a necromancer
 14487 | Gauntlet | Found a transporter.
 14491 | Gauntlet | Noticed a death yak
 14495 | Gauntlet | Noticed a death yak
 14497 | Gauntlet | Found a transporter.
 14501 | Gauntlet | Noticed a ghost crab
 14512 | Gauntlet | Found a transporter.
 14527 | Gauntlet | Found the amulet of the Four Winds {rN+ Will+++ Clar}
 14532 | Gauntlet | Found a transporter.
 14545 | Gauntlet | Found a transporter.
 14621 | Gauntlet | Identified the ring of Byphepas {Fly rN+++}
 14702 | Gauntlet | Noticed a death yak
 14704 | Gauntlet | Noticed a death yak
 14753 | Gauntlet | Reached skill level 12 in Spellcasting
 14890 | Gauntlet | Killed a thrashing horror
 14966 | Gauntlet | Identified the +0 pair of boots "Qafile Durch" {rElec rN+
                  | Will+ Int-2}
 15014 | Gauntlet | Noticed a minotaur
 15026 | Gauntlet | HP: 4/83 [minotaur/+2 rapier of holy wrath (9)]
 15049 | Gauntlet | Killed a minotaur
 15050 | Gauntlet | Reached skill level 5 in Shields
 15372 | D:13     | Reached skill level 10 in Conjurations
 15391 | D:13     | Identified the +12 great sword "Butuhar" {elec, *Corrode
                  | Str+4 Int+3}
 15640 | D:13     | Noticed a green ugly thing
 15643 | D:13     | Noticed a centaur warrior
 15726 | D:12     | Noticed Fannar
 15728 | D:12     | HP: 1/83 [gargoyle/stone arrow (21)]
 15728 | D:12     | Annihilated by Fannar

Illustrated notes

Levels and vault maps discovered:
D:1:      dpeg_arrival_simpleton_c, layout_rooms, patterned_corridor
D:2:      layout_rooms, basic_altar, uniq_crazy_yiuf_cottage
D:3:      layout_basic, grunt_temple_overflow_cloverleaf,
          nicolae_ecumenical_oubliette, grunt_decor_one_mirror,
          serial_bayou_pond_e
D:4:      layout_rooms
D:5:      layout_cave_pools, nicolae_elyvilon_temple_path,
          minmay_misc_feat_nine_boxes, uniq_grinder
D:6:      hangedman_cross_stitches, layout_basic,
          pdpol_wu_jian_five_deadly_venoms, kiku_gazebo_pond_becter,
          minmay_temple_entry_junction_2
D:7:      layout_basic, kennysheep_mini_moat, nrook_pool_corridor
D:8:      layout_cave_pools, nicolae_shop_vocational
D:9:      layout_stronghold, mainiacjoe_overflow_concentric_impassable,
          hellmonk_lair_entry_icy, orc_0_dummy, serial_shops, nicolae_shop_trees
D:10:     layout_rooms, nicolae_ru_sacrificial_ziggurat, tso_oasis_becter,
          kennysheep_slug_shrine
D:11:     layout_rooms, kennysheep_cross_bottleneck
D:12:     layout_loops_ring, serial_shops, shop,
          gammafunk_ghost_fury_of_okawaru, uniq_fannar
D:13:     due_chaos_kobolds, layout_cave_pools, gauntlet_entry_generic
Lair:1:   layout_regular_city, grunt_megastairs_5
Orc:1:    layout_caves

Skill      XL: |  1  2  3  4  5  6  7  8  9 10 11 |
---------------+----------------------------------+-----
Spellcasting   | 3 4 5 6 7 8 10 11 12 | 12.2
Conjurations   | 5 6 7 8 9 10 | 10.0
Dodging        | 2 4 5 6 |  6.6
Fighting       | 2 4 5 6 |  6.8
Shields        | 1 3 5 |  5.0
Stealth        | |  1.8

Action                     |  1- 3 |  4- 6 |  7- 9 | 10-12 || total
---------------------------+-------+-------+-------+-------++-------
  Melee: Unarmed           |    20 |       |       |       ||    20
         Touch             |     2 |       |     1 |     5 ||     8
         Headbutt          |     1 |       |     7 |     9 ||    17
         Dagger            |       |     4 |    22 |    32 ||    58
         Punch             |       |     1 |       |     1 ||     2
   Cast: Magic Dart        |    74 |    71 |   158 |    72 ||   375
         Searing Ray       |       |     7 |    62 |    51 ||   120
         Iskenderun's Myst |       |       |     6 |   110 ||   116
         Fulminant Prism   |       |       |     3 |    14 ||    17
         Starburst         |       |       |       |     4 ||     4
         Irradiate         |       |       |       |     2 ||     2
  Evoke: Wand              |       |       |       |     8 ||     8
    Use: Scroll            |       |       |     6 |    13 ||    19
         Potion            |       |       |       |     5 ||     5
   Stab: Paralysed         |       |       |    13 |    23 ||    36
 Armour: Robe              |     6 |       |    29 |    25 ||    60
  Dodge: Dodged            |    16 |    14 |    73 |   107 ||   210
  Block: Buckler           |       |       |       |     3 ||     3

Table legend: (Time is in decaauts)
 A = Elapsed time spent in this place.
 B = Non-inter-level travel time spent in this place.
 C = Inter-level travel time spent in this place.
 D = Time resting spent in this place.
 E = Time spent auto-exploring this place.
 F = Levels seen in this place.
 G = Mean time per level.
                   A        B        C        D        E       F      G
               +--------+--------+--------+--------+--------+-----+--------+
         Total |  15773 |  15166 |    607 |   5444 |   7718 |  16 |  985.8 |
       Dungeon |  14609 |  14004 |    605 |   5070 |   7306 |  13 | 1123.8 |
          Lair |     11 |     11 |      0 |      0 |      0 |   1 |   11.0 |
  Orcish Mines |    233 |    233 |      0 |     49 |     88 |   1 |  233.0 |
      Gauntlet |    918 |    918 |      0 |    325 |    324 |   1 |  918.0 |
               +--------+--------+--------+--------+--------+-----+--------+

Top non-repeatable levels by time:
     D:9: 2710 daAuts
    D:11: 1822 daAuts
     D:8: 1414 daAuts
     D:7: 1388 daAuts
    D:10: 1339 daAuts
     D:4: 1170 daAuts
     D:6: 1053 daAuts
     D:3: 943 daAuts
Gauntlet: 918 daAuts
     D:1: 914 daAuts
     D:2: 845 daAuts
     D:5: 427 daAuts
    D:13: 342 daAuts
    D:12: 235 daAuts
   Orc:1: 233 daAuts
